AoeStats
← FC_M@sTer

Arabia

508360264Analyzed
3v3 RM · 11d ago on Sep 22, 2026· 52m 22s· 6 players
Game mode
Random Map
Map size
Normal (6 player)
Population
200
Speed
Normal
Resources
Standard
Victory
Conquest
Starting age
Dark Age
Ending age
Imperial Age
RankedLock teamsTeams togetherTeam positionsShared explorationLock speedFull tech treeHidden civsTurbo modeCheats
Victory
Defeat
🇨🇴 Malians · Colombia
1375
+10
1283
+14
🇨🇴 Koreans · Colombia
907
+28
🇦🇷 Celts · Argentina
1228
-17
🇦🇷 Aztecs · Argentina
1224
-18
🇦🇷 Inca · Argentina
1220
-17
FC_M@sTer
6:59 Loom
9:31 Feudal Age
10:16 Double-Bit Axe
16:44 Fletching
18:09 Padded Archer Armor
25:22 Castle Age
25:05 Bloodlines
25:19 Scale Barding Armor
25:43 Elite Skirmisher
27:56 Bodkin Arrow
35:53 Horse Collar
36:21 Husbandry
40:55 Forging
49:33 Imperial Age
47:41 Wheelbarrow
46:55 Town Watch
49:43 Iron Casting
51:13 Heavy Plow
52:07 Scale Mail Armor
52:44 Hand Cart
52:53 Town Patrol
FC_Satuplese
3:32 Loom
10:32 Feudal Age
17:51 Wheelbarrow
17:15 Double-Bit Axe
17:31 Man-at-Arms
22:16 Fletching
24:37 Castle Age
27:04 Town Watch
28:22 Bow Saw
28:43 Gold Mining
32:25 Bodkin Arrow
33:55 Hand Cart
36:36 Fishing Lines
37:40 Horse Collar
38:42 Gillnets
38:55 Town Patrol
38:53 Treadmill Crane
39:25 Masonry
40:19 Gold Shaft Mining
40:49 Stone Mining
41:57 Gambesons
43:02 Husbandry
44:13 Eupseong
47:03 Squires
47:07 Scale Mail Armor
47:17 Forging
49:56 Imperial Age
48:20 Ballistics
52:08 Chemistry
51:14 Siege Engineers
FC_Proyecto_El_Conquistador_X
7:01 Loom
9:33 Feudal Age
10:19 Double-Bit Axe
10:18 Horse Collar
24:19 Castle Age
23:04 Bloodlines
23:04 Scale Barding Armor
24:02 Wheelbarrow
23:53 Gold Mining
24:54 Forging
25:24 Chain Barding Armor
26:23 Bow Saw
28:20 Forging
32:36 Iron Casting
32:48 Husbandry
32:47 Town Watch
37:08 Stone Mining
42:34 Imperial Age
43:56 Heavy Plow
46:39 Plate Barding Armor
45:46 Cavalier
47:00 Conscription
47:59 Blast Furnace
49:52 Paladin
Tocla
8:01 Loom
10:19 Feudal Age
11:06 Double-Bit Axe
11:13 Gold Mining
14:40 Champi Runner
15:48 Forging
15:47 Horse Collar
18:11 Scale Mail Armor
24:44 Castle Age
22:53 Stone Mining
27:05 Heavy Plow
27:17 Bow Saw
27:45 Gold Shaft Mining
26:44 Champi Warrior
27:26 Squires
30:08 Chain Mail Armor
30:29 Iron Casting
32:19 Fletching
34:11 Wheelbarrow
33:23 Town Watch
36:31 Hand Cart
36:16 Bodkin Arrow
43:50 Imperial Age
43:18 Ballistics
43:10 Masonry
42:55 Murder Holes
44:23 Treadmill Crane
45:32 Pikeman
46:10 Elite Champi Warrior
47:53 Blast Furnace
46:53 Bracer
47:25 Plate Mail Armor
49:31 Chemistry
50:00 Conscription
49:56 Halberdier
Wesso
7:29 Loom
10:15 Feudal Age
10:57 Double-Bit Axe
16:49 Fletching
19:26 Padded Archer Armor
23:27 Horse Collar
25:57 Castle Age
26:47 Crossbowman
27:25 Bodkin Arrow
27:47 Bow Saw
27:39 Heavy Plow
29:30 Leather Archer Armor
30:14 Wheelbarrow
29:24 Town Watch
32:19 Ballistics
38:54 Imperial Age
36:41 Hand Cart
38:08 Murder Holes
37:44 Pikeman
42:27 Halberdier
44:15 Chemistry
42:41 Capped Ram
43:29 Stronghold
45:35 Scale Mail Armor
47:04 Conscription
47:50 Hoardings
47:23 Elite Woad Raider
48:32 Forging
52:02 Iron Casting
51:42 Chain Mail Armor
Chulio Cesar
7:22 Loom
9:28 Feudal Age
9:41 Man-at-Arms
10:19 Double-Bit Axe
15:03 Fletching
16:08 Padded Archer Armor
23:41 Town Watch
30:42 Castle Age
31:00 Gold Mining
30:53 Eagle Warrior
31:34 Scale Mail Armor
31:54 Forging
31:35 Horse Collar
33:00 Pikeman
35:58 Chain Mail Armor
36:13 Heavy Plow
39:50 Wheelbarrow
42:32 Squires
42:19 Arson
Connection lost

Rejoining the realm…

Still unreachable

The connection could not be restored.

Session expired

The server has moved on; the page needs a fresh start.